[Event "Live Chess"]
[Site "Chess.com"]
[Date "2023.05.20"]
[Round "-"]
[White "Larchikov"]
[Black "Ayursworld"]
[Result "1-0"]
[WhiteElo "2048"]
[BlackElo "1321"]
[TimeControl "300"]
[EndTime "11:17:29 PDT"]
[Termination "Larchikov won by checkmate"]

1. d4 d5 2. Nf3 Nc6 3. c4 Bg4 4. Nc3 dxc4 5. e3 Nf6 6. Bxc4 e6 7. O-O Bb4 8. h3 Bxf3 9. Qxf3 O-O 10. Rd1 Bxc3 11.
bxc3 Qd6 12. a4 Nd5 13. Ba3 Qd7 14. Bxd5 exd5 15. Bxf8 Rxf8 16. a5 a6 17. Rdb1 Rb8 18. Qe2 Qe6 19. f3 Re8 20. Kf2 Rb8 21. e4 dxe4 22.
Qxe4 Qc4 23. Ra3 g6 24. Qe2 Qd5 25. Qe4 Qc4 26. Rd1 Kf8 27. Qd3 Qe6 28. Raa1 Rd8 29.
Re1 Qf6 30. Re4 Qf5 31. g4 Qg5 32. f4 Qh4+ 33. Qg3 Qxg3+ 34. Kxg3 Re8 35. Rxe8+ Kxe8 36. d5 Ne7 37. c4 Kd7 38. Rb1 Kc8 39. h4 Ng8 40. g5 Ne7 41. Kg4 Nf5 42. c5 Ne3+ 43.
Kf3 Nxd5 44. Rd1 c6 45. Rd2 Ne7 46. Ke4 Nf5 47. Ke5 Ne7 48. Kf6 Nd5+ 49. Kxf7 Nxf4 50. Kg7 Ne6+ 51. Kxh7 Nf4 52. Rf2 Ne6 53. Rf6 Nxc5 54. Kxg6 Ne4 55. Kf7 Nxf6 56. Kxf6 Kd8 57. g6 Ke8 58. g7 Kd7 59. g8=Q c5 60. h5 c4 61. h6 c3 62. h7 c2 63. h8=Q c1=Q 64. Qhg7+ Kc6 65.
Qe6+ Kb5 66. Qd5+ Ka4 67. Qg4+ Qc4 68. Qdxc4+ Ka3 69. Qf3+ Kb2 70. Qfb3+ Ka1 71. Qcc2 b6 72. Qba2# 1-0

[Event "Live Chess"]
[Site "Chess.com"]
[Date "2023.05.20"]
[Round "-"]
[White "DRS44"]
[Black "Davidagye"]
[Result "0-1"]
[WhiteElo "1399"]
[BlackElo "1682"]
[TimeControl "300"]
[EndTime "11:17:45 PDT"]
[Termination "Davidagye won by resignation"]

1. e4 e5 2. Nc3 Nf6 3. f4 d5 4.
fxe5 Nxe4 5. d3 Qh4+ 6. g3 Nxg3 7. Nf3 Qh5 8. Nxd5 Na6 9. d4 Nxf1 10. Rxf1 Bg4 11.
Qd3 O-O-O 12. Qc3 Rxd5 0-1

[Event "Live Chess"]
[Site "Chess.com"]
[Date "2023.05.20"]
[Round "-"]
[White "Salpingidis"]
[Black "JamesWallman"]
[Result "1-0"]
[WhiteElo "2309"]
[BlackElo "769"]
[TimeControl "300"]
[EndTime "11:17:55 PDT"]
[Termination "Salpingidis won on time"]

1. d4 d5 2. c4 e6 3. Nc3 Nf6 4.
cxd5 exd5 5. Bg5 c6 6. e3 Be7 7. Bd3 O-O 8. Nge2 Bg4 9. f3 Bh5 10. O-O Bg6 11. e4 dxe4 12. fxe4 Nbd7 13. Kh1 h6 14. Bh4 Ng4 15. Bxe7 Qxe7 16. Qd2 Ngf6 17. Nf4 Rad8 18. Nxg6 fxg6 19. e5 Nh7 20. Bxg6 Nxe5 21. Bxh7+ Kxh7 22. Qc2+ Kh8 23. dxe5 Qe6 24. Rxf8+ Rxf8 25. Re1 Qg4 26. h3 Qg3 27. Qe4 Rf2 28. Ne2 Qg5 29. e6 Rf1+ 30. Rxf1 Qe7 31. Rf7 1-0

[Event "Live Chess"]
[Site "Chess.com"]
[Date "2023.05.20"]
[Round "-"]
[White "LGC4YOU"]
[Black "Ninifu"]
[Result "0-1"]
[WhiteElo "1178"]
[BlackElo "1988"]
[TimeControl "300"]
[EndTime "11:18:11 PDT"]
[Termination "Ninifu won by checkmate"]

1. d4 Nf6 2. Nf3 g6 3. Bf4 Bg7 4. e3 O-O 5. c4 d6 6. Nc3 c5 7.
Bd3 cxd4 8. Nxd4 Nc6 9. Nxc6 bxc6 10. O-O c5 11. h4 h5 12. Bg5 Bb7 13. Rc1 Rb8 14. b3 Qd7 15. Qc2 Kh7 16. Ne4 Qg4 17. Nxf6+ exf6 18. f3 Qg3 19. Bf4 Qxh4 20. Qf2 Qxf2+ 21.
Rxf2 Rbd8 22. g4 hxg4 23. fxg4 Kg8 24. Rh2 Rfe8 25. e4 Bxe4 26. Bxe4 Rxe4 27. Rf2 f5 28.
gxf5 Bd4 29. fxg6 Bxf2+ 30. Kxf2 Rxf4+ 31. Ke3 Rf6 32. gxf7+ Kxf7 33. Ke4 Ke6 34. Re1 Rh8 35. Kd3+ Kd7 36. Kc2 Rh3 37. Kb2 Rf2+ 38. Kb1 Rhh2 39. a3 Ra2 40. Rg1 Rhb2+ 41. Kc1 Ra1+ 42. Kxb2 Rxg1 43.
a4 Kc6 44. Kc3 a5 45. Kd2 Rg3 46. Kc2 d5 47. Kb2 d4 48. Kc2 Rc3+ 49. Kb2 Kd6 50. Ka3 d3 51. Kb2 Rc2+ 52. Kb1 Ke5 53. b4 cxb4 54. c5 b3 55. c6 d2 56. c7 d1=Q# 0-1

[Event "Live Chess"]
[Site "Chess.com"]
[Date "2023.05.20"]
[Round "-"]
[White "lucaskk818"]
[Black "Bunny55"]
[Result "1-0"]
[WhiteElo "1892"]
[BlackElo "962"]
[TimeControl "300"]
[EndTime "11:18:16 PDT"]
[Termination "lucaskk818 won by resignation"]

1. d4 Nf6 2. c4 g6 3. Nc3 Bg7 4.
e4 d6 5. h3 O-O 6. Be3 Nc6 7. Qd2 Bd7 8. Nf3 Rc8 9. Be2 a6 10.
O-O b5 11. cxb5 axb5 12. Bxb5 Nxd4 13. Nxd4 1-0

[Event "Live Chess"]
[Site "Chess.com"]
[Date "2023.05.20"]
[Round "-"]
[White "Reggie016"]
[Black "Enhard"]
[Result "1-0"]
[WhiteElo "1117"]
[BlackElo "1439"]
[TimeControl "300"]
[EndTime "11:18:23 PDT"]
[Termination "Reggie016 won by checkmate"]

1. e4 e6 2. d4 d5 3. e5 c5 4. c3 cxd4 5. cxd4 Nc6 6. Nf3 Qa5+ 7. Nc3 Bb4 8. Bd2 Bd7 9. Bd3 Nge7 10. O-O O-O 11.
Bxh7+ Kh8 12. Ng5 Ng6 13. Qh5 Nf4 14. Bxf4 g6 15. Bxg6+ Kg7 16. Qh7# 1-0

[Event "Live Chess"]
[Site "Chess.com"]
[Date "2023.05.20"]
[Round "-"]
[White "GEMdzq"]
[Black "mattihelenius2"]
[Result "1-0"]
[WhiteElo "2201"]
[BlackElo "479"]
[TimeControl "300"]
[EndTime "11:18:29 PDT"]
[Termination "GEMdzq won by resignation"]

1. e4 e5 2. d4 Nc6 3. Bc4 Qf6 4. Nf3 Nxd4 5. Nxd4 exd4 6. O-O Bc5 7. e5 Qxe5 8.
Re1 Bd6 9. Bf4 Ne7 10. Bxe5 Bxe5 11. Rxe5 f6 12. Re1 1-0

[Event "Live Chess"]
[Site "Chess.com"]
[Date "2023.05.20"]
[Round "-"]
[White "Rusty_Bridges"]
[Black "MrDodgy"]
[Result "0-1"]
[WhiteElo "1364"]
[BlackElo "2316"]
[TimeControl "300"]
[EndTime "11:18:33 PDT"]
[Termination "MrDodgy won by resignation"]

1. e4 e6 2. d3 d5 3. exd5 exd5 4. Nf3 Nf6 5. Be2 Bd6 6. O-O O-O 7. Re1 c5 8. Bg5 h6 9. Bh4 Nc6 10. Nc3 Be6 11. a3 Re8 12. Bf1 Be7 13. d4 c4 14.
Qd2 a6 15. Rad1 b5 16. Ne5 Rc8 17. Nxc6 Rxc6 18. Be2 Qb8 19. Bf3 Rd6 20. Bg3 Qb6 21. Bxd6 Qxd6 22. Qe2 Bd8 23. Qe5 Qc6 24. Qg3 Bc7 25.
Re5 Rb8 26. h3 a5 27. Rde1 b4 28. axb4 axb4 29. Nd1 Nd7 30. Bg4 Nxe5 31. dxe5 d4 32. Bxe6 Qxe6 33. f4 Rd8 34. Qf3 Bb6 35. Kh1 Qd5 36.
Qxd5 Rxd5 37. Nf2 d3 38. cxd3 Bxf2 39. Rd1 Rxd3 40. g4 Rxd1+ 0-1

[Event "Live Chess"]
[Site "Chess.com"]
[Date "2023.05.20"]
[Round "-"]
[White "hturner40"]
[Black "18Ziyad"]
[Result "1-0"]
[WhiteElo "1832"]
[BlackElo "935"]
[TimeControl "300"]
[EndTime "11:18:41 PDT"]
[Termination "hturner40 won by checkmate"]

1. e4 e6 2. d4 b6 3. f3 Bb7 4. a3 d5 5. Bd3 Be7 6. Ne2 Nf6 7.
Nbc3 Nbd7 8. O-O c5 9. e5 Ng8 10. f4 f6 11. Ng3 c4 12. Qh5+ g6 13. Bxg6+ hxg6 14. Qxh8 Kf8 15. f5 gxf5 16. Bh6+ Kf7 17. Qg7+ Ke8 18. Qxg8+ Bf8 19. Qxe6+ Be7 20. Nxf5 Nf8 21.
Ng7# 1-0

[Event "Live Chess"]
[Site "Chess.com"]
[Date "2023.05.20"]
[Round "-"]
[White "mightysmasher"]
[Black "aliciabutteriss"]
[Result "1-0"]
[WhiteElo "2120"]
[BlackElo "542"]
[TimeControl "300"]
[EndTime "11:18:41 PDT"]
[Termination "mightysmasher won by resignation"]

1. e4 c6 2. d4 d5 3. Nd2 Nf6 4. e5 Ne4 5. Bd3 Nxf2 6. Kxf2 e6 7. Ngf3 Qf6 8. exf6 g6 9. Ne5 c5 10. Ndf3 cxd4 11. Ng5 Bh6 12. Nexf7 Rf8 13. Nxh6 Rxf6+ 14. Kg3 e5 15. Rf1 1-0

[Event "Live Chess"]
[Site "Chess.com"]
[Date "2023.05.20"]
[Round "-"]
[White "onemoretime1975"]
[Black "EdenHazard8"]
[Result "1/2-1/2"]
[WhiteElo "1910"]
[BlackElo "2099"]
[TimeControl "300"]
[EndTime "11:18:43 PDT"]
[Termination "Game drawn by repetition"]

1. e4 e5 2. Nf3 Nc6 3. Bc4 Bc5 4.
d3 h6 5. h3 d6 6. Nc3 a6 7. a3 Nf6 8. O-O O-O 9. Be3 Bxe3 10. fxe3 b5 11. Ba2 Ne7 12. Nd5 Nexd5 13. Bxd5 Nxd5 14.
exd5 Bb7 15. e4 f5 16. Nh2 Qg5 17. Qc1 Qg6 18. Qe3 f4 19. Qf3 Bc8 20. Kh1 Bd7 21. Rg1 Qe8 22. g4 g5 23. Kg2 Kg7 24. Rh1 Rh8 25. Qe2 Qb8 26. Kf3 Qb6 27. Qf2 Qxf2+ 28.
Kxf2 c6 29. dxc6 Bxc6 30. Nf3 Rac8 31. c3 Kf6 32. h4 d5 33. Nd2 dxe4 34. Nxe4+ Bxe4 35. dxe4 Rcd8 36. Rad1 Ke7 37. h5 Rxd1 38. Rxd1 Rd8 39.
Rxd8 Kxd8 40. b3 Kc7 41. Ke2 Kc6 42. Kd3 a5 43. b4 axb4 44. cxb4 Kb6 45. Ke2 Kc6 46.
Kf3 Kb6 47. Ke2 Kc6 48. Kf3 Kb6 49. Ke2 1/2-1/2

[Event "Live Chess"]
[Site "Chess.com"]
[Date "2023.05.20"]
[Round "-"]
[White "Brooms1989"]
[Black "JoshMcK"]
[Result "0-1"]
[WhiteElo "1007"]
[BlackElo "1527"]
[TimeControl "300"]
[EndTime "11:18:43 PDT"]
[Termination "JoshMcK won by checkmate"]

1. e4 c6 2. d4 d5 3. f3 dxe4 4.
fxe4 e5 5. Nf3 Bg4 6. dxe5 Qxd1+ 7. Kxd1 Nd7 8. Nc3 Nxe5 9. Be2 O-O-O+ 10. Ke1 Nxf3+ 11.
Bxf3 Bxf3 12. gxf3 Nf6 13. Bg5 Be7 14. Rd1 h6 15. Bxf6 Bxf6 16. Kf2 Bd4+ 17. Kg2 f6 18. Rd3 g5 19. Rhd1 Bxc3 20. Rxd8+ Rxd8 21. Rxd8+ Kxd8 22. bxc3 Kd7 23. Kf2 Kd6 24. Ke3 Kc5 25. Kd3 b5 26.
a3 a5 27. Kd2 Kc4 28. h3 a4 29.
f4 gxf4 30. Ke2 Kxc3 31. Kf3 Kxc2 32. Kxf4 Kd3 33. Kf5 c5 34. Kxf6 c4 35. e5 c3 36.
e6 c2 37. e7 c1=Q 38. e8=Q Qf4+ 39. Kg6 Qg5+ 40. Kh7 Kc3 41. Qc6+ Kb2 42. Qg2+ Qxg2 43. Kxh6 Qxh3+ 44. Kg6 Qxa3 45. Kf5 Qe3 46. Kg4 a3 47. Kf5 a2 48. Kg4 a1=Q 49. Kf5 Qf1+ 50. Kg4 Qef2 51. Kg5 Q2g2+ 52. Kh4 Qfh1# 0-1

[Event "Live Chess"]
[Site "Chess.com"]
[Date "2023.05.20"]
[Round "-"]
[White "ClassyChameleon"]
[Black "profpirate4"]
[Result "0-1"]
[WhiteElo "1065"]
[BlackElo "1049"]
[TimeControl "300"]
[EndTime "11:18:48 PDT"]
[Termination "profpirate4 won on time"]

1. e4 c5 2. Nc3 d6 3. Bc4 Nf6 4. d3 e6 5. Nf3 a6 6. Be3 b5 7. Nxb5 axb5 8. Bxb5+ Bd7 9. Bc4 Nc6 10.
O-O Na5 11. b3 Nxc4 12. bxc4 Be7 13. c3 O-O 14. d4 cxd4 15. cxd4 Nxe4 16. d5 exd5 17. cxd5 Nc5 18. Bxc5 dxc5 19. Ne5 Bf5 20. Nc6 Qc7 21. Re1 Bd6 22. g3 Rfe8 23. Qh5 Bd3 24.
Rxe8+ Rxe8 25. Rc1 c4 26. Nd4 Re5 27. Qh3 Rxd5 28.
Nf3 Bc5 29. Re1 Rf5 30. Re8+ Bf8 31. Nd4 Rd5 32. Nf5 Bxf5 33. Qh5 Qd7 34. Re1 Be4 35. Qe2 Bb4 36. Qb2 Bxe1 37. Qb8+ Qd8 38. Qxd8+ Rxd8 39. Kf1 Ba5 40. Ke2 c3 41. Ke3 c2 42. Kxe4 c1=Q 43.
Kf3 Qc6+ 44. Kg4 Rd4+ 45. f4 Qg6+ 46. Kf3 Qd3+ 47. Kg4 Qe2+ 48. Kh3 Qf1+ 49. Kh4 Rd6 50. g4 Rd3 0-1

[Event "Live Chess"]
[Site "Chess.com"]
[Date "2023.05.20"]
[Round "-"]
[White "laki79"]
[Black "Horseymobile"]
[Result "1-0"]
[WhiteElo "2303"]
[BlackElo "1235"]
[TimeControl "300"]
[EndTime "11:18:57 PDT"]
[Termination "laki79 won on time"]

1. d4 Nf6 2. c4 g6 3. Nc3 d6 4. e4 Bg7 5. f3 O-O 6. Be3 Nc6 7. Qd2 e5 8. d5 Ne7 9. g4 Nd7 10. O-O-O a5 11. Bd3 Nc5 12. Bc2 b6 13. Nge2 Ba6 14. b3 Rb8 15. h4 Qd7 16. h5 b5 17.
cxb5 Bxb5 18. Bxc5 dxc5 19. Nxb5 Qxb5 20. Bd3 Qb6 21. Nc3 Ra8 22. Na4 Qd6 23. Qc3 c6 24. dxc6 Nxc6 25. Qxc5 Qc7 26. Bb5 Rac8 27. Bxc6 Qd8 28.
Rxd8 Rfxd8 29. Kb2 Bf8 30. Qc2 Bb4 31. Rd1 Rxd1 32.
Qxd1 Rxc6 33. h6 1-0

[Event "Live Chess"]
[Site "Chess.com"]
[Date "2023.05.20"]
[Round "-"]
[White "LiamBellwood"]
[Black "raminguy"]
[Result "1/2-1/2"]
[WhiteElo "2077"]
[BlackElo "1979"]
[TimeControl "300"]
[EndTime "11:18:58 PDT"]
[Termination "Game drawn by repetition"]

1. d4 d5 2. Nc3 Nf6 3. Bf4 e6 4. Nb5 Bb4+ 5. c3 Ba5 6. b4 Bb6 7. a4 a5 8. Qb3 O-O 9. Nf3 Nc6 10.
e3 axb4 11. cxb4 Nxb4 12. Bxc7 Bxc7 13. Nxc7 Qxc7 14. Qxb4 Ne4 15. Bd3 Qc3+ 16. Qxc3 Nxc3 17. Kd2 Nxa4 18. Bb5 Nb6 19. Rxa8 Nxa8 20. Ne5 Nc7 21. Ba4 f6 22. Nf3 Rd8 23. Rc1 Na6 24. Ne1 Bd7 25.
Bxd7 Rxd7 26. Nd3 Rc7 27. Rb1 Kf7 28. Nc5 Nxc5 29. dxc5 Ke7 30. Rb5 Kd7 31. Kc3 Kc6 32. Kb4 e5 33. Rb6+ Kd7 34. Rd6+ Ke7 35. Rxd5 g6 36. Kb5 Rc6 37. e4 Ke6 38. Rd8 f5 39.
exf5+ gxf5 40. Rb8 Kd5 41. Rd8+ Ke6 42. Rb8 Kd5 43.
Rd8+ Ke6 1/2-1/2

[Event "Live Chess"]
[Site "Chess.com"]
[Date "2023.05.20"]
[Round "-"]
[White "BogdanBeleiUkraine"]
[Black "ProfPoisson"]
[Result "1-0"]
[WhiteElo "1184"]
[BlackElo "1049"]
[TimeControl "300"]
[EndTime "11:19:03 PDT"]
[Termination "BogdanBeleiUkraine won by resignation"]

1. e4 e5 2. Nc3 Nf6 3. Bc4 d5 4. exd5 Nxd5 5. Nxd5 Bc5 6. d3 c6 7. Ne3 Bxe3 8. Bxe3 O-O 9. Nf3 Bg4 10. h3 Bxf3 11. Qxf3 b5 12. Bb3 Qa5+ 13. Bd2 Qd8 14. O-O Nd7 15. Qxc6 Nf6 16. Qxb5 e4 17. Rae1 Rb8 18.
Qa5 Qd4 19. Bc3 Qd6 20. Be5 Qd7 21. Bxb8 1-0

[Event "Live Chess"]
[Site "Chess.com"]
[Date "2023.05.20"]
[Round "-"]
[White "Singapourfeuj"]
[Black "SavagePawn7"]
[Result "1-0"]
[WhiteElo "2235"]
[BlackElo "750"]
[TimeControl "300"]
[EndTime "11:19:06 PDT"]
[Termination "Singapourfeuj won by resignation"]

1. d4 e5 2. dxe5 d6 3. exd6 Bxd6 4. Nf3 Nc6 5. e4 Bg4 6. Be2 Qe7 7. Nc3 O-O-O 8.
Bd2 Bxf3 9. Bxf3 Nd4 10. O-O Nxf3+ 11. Qxf3 Bxh2+ 12. Kxh2 Rxd2 13. Rad1 Rxd1 14. Rxd1 Nf6 15. Qf5+ Kb8 16. Nd5 Qd6+ 17. g3 Nxd5 18. Qxd5 Qxd5 19. Rxd5 b6 20. Kg2 Kb7 21. f4 Re8 22. Kf3 c6 23.
Rd7+ Kc8 24. Rxf7 Rg8 25. Rxa7 Kb8 26. Rf7 g6 27. Rxh7 1-0

[Event "Live Chess"]
[Site "Chess.com"]
[Date "2023.05.20"]
[Round "-"]
[White "ms_lilley"]
[Black "OceanFloater"]
[Result "1/2-1/2"]
[WhiteElo "588"]
[BlackElo "973"]
[TimeControl "300"]
[EndTime "11:19:09 PDT"]
[Termination "Game drawn by repetition"]

1. d4 c6 2. e3 d5 3. c4 Bf5 4.
c5 b6 5. b4 bxc5 6. bxc5 Nd7 7. Ba3 e5 8. Nc3 exd4 9. exd4 Ngf6 10. Nf3 Be7 11. Bd3 Bxd3 12. Qxd3 O-O 13. O-O Qa5 14. Bb2 Rab8 15. Qc2 Ne4 16. Nxe4 dxe4 17. Ne5 Nxe5 18. dxe5 Bxc5 19. g3 Rfd8 20. Rfe1 Rd2 21. Qxe4 Rdxb2 22. e6 Bb4 23. e7 Bxe7 24. Qxe7 h6 25. Qd7 Rxa2 26. Re8+ Rxe8 27. Qxe8+ Kh7 28. Qe4+ g6 29. Rxa2 Qxa2 30. Qxc6 a5 31. Qd7 Qb1+ 32.
Kg2 Qe4+ 33. f3 Qc2+ 34. Kh3 a4 35. Qxf7+ Kh8 36. Qf6+ Kh7 37. g4 a3 38. Qe7+ Kg8 39. Qxa3 Qc6 40. Qe3 h5 41. Qh6 hxg4+ 42. Kxg4 Qe6+ 43.
Kg5 Qf5+ 44. Kh4 Qxf3 45. Qxg6+ Kf8 46. Qg3 Qf6+ 47. Kh3 Kf7 48. Kg2 Qg6 49. h4 Qc2+ 50. Kh3 Qf5+ 51. Qg4 Qd3+ 52. Qg3 Qf5+ 53. Qg4 Qf1+ 54.
Qg2 Qxg2+ 55. Kxg2 Kg6 56. Kg3 Kh5 57. Kh3 Kh6 58. Kg3 Kh5 59. Kh3 Kh6 60. Kg3 Kh5 1/2-1/2

[Event "Live Chess"]
[Site "Chess.com"]
[Date "2023.05.20"]
[Round "-"]
[White "WilliamofOrange16th"]
[Black "seabuck"]
[Result "1/2-1/2"]
[WhiteElo "1882"]
[BlackElo "1863"]
[TimeControl "300"]
[EndTime "11:19:17 PDT"]
[Termination "Game drawn by agreement"]

1. e4 e6 2. b3 c5 3. Bb2 Nc6 4. c4 e5 5. Nf3 d6 6. Nc3 Nf6 7. d3 Be7 8. h3 Be6 9. Nd5 Bxd5 10. exd5 Nd4 11. Nxd4 cxd4 12. Be2 Qa5+ 13. Qd2 Qxd2+ 14. Kxd2 Kd7 15. Rhc1 Rhc8 16. b4 a5 17. bxa5 Rxa5 18. a4 Bd8 19. Bd1 Ra7 20. Ba3 Ba5+ 21.
Ke2 g6 22. Rab1 Nh5 23. g3 f5 24. Bb4 Rc7 25. Rb2 Nf6 26. Rcb1 Bxb4 27. Rxb4 h5 28. Rc1 Ra5 29. Rb5 Rxb5 30. axb5 b6 31. Ra1 Rc8 32. Ra7+ Rc7 33. Ra6 Rb7 34. Kd2 Kc7 35. Ra8 Rb8 36. Ra7+ Rb7 37. Ra8 Rb8 38. Rxb8 Kxb8 39. f3 Kc7 40.
Ke2 Kd7 41. Kf2 Ke7 42. Kg2 Nd7 43. Be2 Kf6 44. h4 Nc5 45. Kf2 Nd7 46. Bf1 Nc5 47. Ke2 Nd7 48. Bg2 Nc5 49. Kd2 Nd7 50. f4 exf4 51.
gxf4 Nc5 52. Bf3 Nd7 53. Bd1 Nc5 54. Bc2 Nd7 55. Ke2 Nc5 56. Kf3 Nd7 1/2-1/2

[Event "Live Chess"]
[Site "Chess.com"]
[Date "2023.05.20"]
[Round "-"]
[White "birdseed45"]
[Black "mliszewski"]
[Result "1-0"]
[WhiteElo "1875"]
[BlackElo "1893"]
[TimeControl "300"]
[EndTime "11:19:18 PDT"]
[Termination "birdseed45 won by resignation"]

1. e4 c6 2. d4 d5 3. Nc3 dxe4 4. Nxe4 Nf6 5. Nxf6+ exf6 6. Nf3 Bd6 7. Bc4 O-O 8.
O-O Re8 9. c3 Nd7 10. Be3 Nf8 11. Qb3 Be6 12. Rfe1 Bxc4 13. Qxc4 Ng6 14. Rad1 Qc7 15.
h3 Rad8 16. d5 cxd5 17. Qa4 a6 18. Qb3 Bf4 19. Bb6 Rxe1+ 20. Rxe1 Qd7 21. Bxd8 Qxd8 22.
Qxb7 h5 23. Qxa6 Ne5 24. Nxe5 fxe5 25. a4 Qg5 26. Qa8+ Kh7 27. Qxd5 f6 28. Qe4+ f5 29.
Qc6 e4 30. a5 Bc1 31. a6 Bxb2 32. a7 Bxc3 33. Qxc3 1-0

[Event "Live Chess"]
[Site "Chess.com"]
[Date "2023.05.20"]
[Round "-"]
[White "AttackingSnowLeopard"]
[Black "Pandreq"]
[Result "1-0"]
[WhiteElo "2082"]
[BlackElo "1268"]
[TimeControl "300"]
[EndTime "11:19:20 PDT"]
[Termination "AttackingSnowLeopard won by checkmate"]

1. d4 d5 2. c4 c6 3. e3 Nf6 4.
Nf3 Bg4 5. Qb3 b6 6. Ne5 Nbd7 7. Nxg4 Nxg4 8. Be2 Ngf6 9. Nc3 e6 10. O-O Rb8 11.
f3 Bd6 12. e4 c5 13. Nb5 dxc4 14. Nxd6+ Ke7 15. Nxc4 b5 16. Ne5 c4 17. Qb4+ Ke8 18.
Nc6 Qc7 19. Qe7# 1-0

[Event "Live Chess"]
[Site "Chess.com"]
[Date "2023.05.20"]
[Round "-"]
[White "stevegleds"]
[Black "domrobson"]
[Result "0-1"]
[WhiteElo "614"]
[BlackElo "1756"]
[TimeControl "300"]
[EndTime "11:19:23 PDT"]
[Termination "domrobson won by resignation"]

1. e4 e5 2. Nf3 Nc6 3. Nc3 Nf6 4. Bc4 Nxe4 5. Nxe4 d5 6. Qe2 dxc4 7. Qxc4 Be7 8. d3 O-O 9. O-O Be6 10. Qc3 Bb4 11. Qb3 Bxb3 0-1

[Event "Live Chess"]
[Site "Chess.com"]
[Date "2023.05.20"]
[Round "-"]
[White "jagbama"]
[Black "MarkLim1"]
[Result "0-1"]
[WhiteElo "1137"]
[BlackElo "1620"]
[TimeControl "300"]
[EndTime "11:19:39 PDT"]
[Termination "MarkLim1 won on time"]

1. e4 e6 2. Nf3 d5 3. e5 c5 4. c3 Nc6 5. d4 Nge7 6. Be3 cxd4 7. cxd4 Nf5 8. Bb5 Bd7 9. Nc3 Nxe3 10. fxe3 Be7 11. e4 dxe4 12. Nxe4 Nxe5 13. Bxd7+ Nxd7 14. Qa4 O-O 15. O-O Nb6 16. Qc2 Rc8 17. Qd2 Nd5 18.
Neg5 Bxg5 19. Nxg5 h6 20. Nh3 Qc7 21. Rf3 Qc2 22. Qe1 Qxb2 23. Rb1 Qxd4+ 24. Kh1 b6 25. Rd1 Qb4 26. Qf2 Rc3 27. Rf1 Rxf3 28. Qxf3 Qc3 29.
Qf2 Nf6 30. Nf4 Qc5 31. Qf3 Rc8 32. Nd3 Qd5 33. Qxd5 Nxd5 34. Ne5 f6 35. Ng6 Kf7 36. Nh4 Ne3 0-1

[Event "Live Chess"]
[Site "Chess.com"]
[Date "2023.05.20"]
[Round "-"]
[White "flyingpuffins"]
[Black "jennybobby44"]
[Result "0-1"]
[WhiteElo "1981"]
[BlackElo "1869"]
[TimeControl "300"]
[EndTime "11:19:43 PDT"]
[Termination "jennybobby44 won by resignation"]

1. e4 c5 2. Nf3 d6 3. d4 cxd4 4.
Nxd4 Nf6 5. Nc3 a6 6. Bc4 e6 7. Bb3 Be7 8. g4 Qc7 9. g5 Nfd7 10. h4 b5 11. Bxe6 fxe6 12. Nxe6 Qc4 13. Nxg7+ Kd8 14. Nf5 b4 15. Nxe7 bxc3 16. Nd5 Qxe4+ 17. Be3 Qxh1+ 0-1

[Event "Live Chess"]
[Site "Chess.com"]
[Date "2023.05.20"]
[Round "-"]
[White "lucaskk818"]
[Black "Ninifu"]
[Result "0-1"]
[WhiteElo "1886"]
[BlackElo "1994"]
[TimeControl "300"]
[EndTime "11:19:56 PDT"]
[Termination "Ninifu won by resignation"]

1. d4 Nf6 2. c4 g6 3. Nc3 Bg7 4. e4 d6 5. h3 O-O 6. Be3 e5 7. d5 a5 8. Nf3 Na6 9. a3 Bd7 10.
Be2 Nh5 11. Qd2 f5 12. Bg5 Nf6 13. exf5 gxf5 14. O-O-O Nc5 15. g4 Nb3+ 0-1

[Event "Live Chess"]
[Site "Chess.com"]
[Date "2023.05.20"]
[Round "-"]
[White "Missedidea"]
[Black "PiotrD11"]
[Result "1-0"]
[WhiteElo "1632"]
[BlackElo "1323"]
[TimeControl "300"]
[EndTime "11:20:06 PDT"]
[Termination "Missedidea won by checkmate"]

1. d4 d5 2. c4 e5 3. dxe5 d4 4. e4 Nc6 5. f4 Bb4+ 6. Nd2 Nge7 7. a3 Bxd2+ 8. Bxd2 O-O 9. Nf3 Bg4 10. Bd3 Ng6 11.
O-O f6 12. Qe1 fxe5 13. f5 Bxf3 14. Rxf3 Nf4 15. Bxf4 exf4 16. Rxf4 Ne5 17. Qe2 c5 18. Raf1 Rf6 19. h3 Qc7 20. g4 Raf8 21. g5 Nxd3 22. Qxd3 Rb6 23. b3 a5 24. Rg4 Qe5 25. f6 g6 26. h4 Rf7 27. Rb1 Re6 28. Kg2 b6 29. b4 axb4 30. axb4 Qc7 31. Ra1 cxb4 32. Ra8+ Rf8 33.
Rxf8+ Kxf8 34. Qb3 Qc5 35. Rf4 Kf7 36. Kf3 Qa5 37. c5 bxc5 38. Qd5 Qa3+ 39. Kg4 Qc1 40. Qd7+ Kf8 41. Qg7+ Ke8 42. f7+ Kd8 43. f8=Q+ Re8 44. Qxe8+ Kxe8 45. Rf8# 1-0

[Event "Live Chess"]
[Site "Chess.com"]
[Date "2023.05.20"]
[Round "-"]
[White "Conradical12"]
[Black "Ayush_prahlad_Gupta"]
[Result "0-1"]
[WhiteElo "1544"]
[BlackElo "1816"]
[TimeControl "300"]
[EndTime "11:20:13 PDT"]
[Termination "Ayush_prahlad_Gupta won by resignation"]

1. e4 e5 2. Nf3 Nc6 3. Bc4 Bc5 4. b4 Nxb4 5. c3 Nc6 6. O-O d6 7. d4 exd4 8. cxd4 Bb6 9. Qb3 Qe7 10. Bg5 f6 11.
Bxg8 fxg5 12. Bxh7 Rxh7 13. Qg8+ Qf8 14. Qxh7 Bd7 15.
Qg6+ Kd8 16. d5 Nd4 17. Nbd2 Ne2+ 18. Kh1 Qe7 19. Rae1 Nf4 20. Qxg5 Qxg5 21. Nxg5 Ke7 22. e5 dxe5 23. Ngf3 Rh8 24. Rxe5+ Kf6 25. Ne4+ Kf7 26.
Neg5+ Kg6 27. g3 Nd3 28. Re7 Bg4 29. Nh4+ Kxg5 30. Rxg7+ Kh5 31. f4 Bh3 32. Rd1 Nf2+ 33. Kg1 Nxd1+ 34. Kh1 Nf2+ 35. Kg1 Ng4+ 36. Kh1 Bd4 37.
Rg5+ Kh6 38. Nf5+ Kh7 39. Nxd4 Re8 40. Ne6 Nf2+ 41. Kg1 Bxe6 42. dxe6 Rxe6 43. Kxf2 Rc6 44. Rh5+ Kg6 45. Rg5+ Kf6 46. h4 Rc2+ 47. Kf3 Rxa2 48. Kg4 b6 49. h5 Rh2 50. Rg6+ Kf7 51. Kg5 c5 52. h6 c4 53. Rg7+ Ke6 54. Rc7 b5 55. f5+ Kd6 56. Rxa7 c3 57. Ra1 b4 58. f6 b3 59. f7 Ke7 60. Kg6 b2 61. Rb1 c2 62.
Kg7 Rf2 63. Rxb2 Rxf7+ 64. Kg6 Rf6+ 65. Kg5 c1=Q+ 66. Kg4 0-1

[Event "Live Chess"]
[Site "Chess.com"]
[Date "2023.05.20"]
[Round "-"]
[White "manthanit"]
[Black "matt1979"]
[Result "0-1"]
[WhiteElo "951"]
[BlackElo "1439"]
[TimeControl "300"]
[EndTime "11:20:14 PDT"]
[Termination "matt1979 won by resignation"]

1. e4 d6 2. Nf3 Nf6 3. Nc3 e5 4. Bc4 Nbd7 5. h3 Be7 6. d3 O-O 7. O-O c6 8. Ne2 Qc7 9. a4 b6 10. Ng3 h6 11. Nh4 Nxe4 12. Nhf5 Ndf6 13. Nxe7+ Qxe7 14. dxe4 Bb7 15. Bd3 Rad8 16. b3 d5 17. Bb2 dxe4 18. Nxe4 Nxe4 19. Re1 f5 20. f3 Nc5 21.
Ba3 Qf6 22. Bc4+ Kh8 23. Qe2 e4 24. Rab1 exf3 25. Qxf3 Qd4+ 26. Kh1 Ne4 27. Bb2 Qc5 28. Kh2 Qd6+ 29. Kg1 Nd2 30. Rbd1 Nxf3+ 31. gxf3 Qxd1 32. Rxd1 Rxd1+ 33. Kf2 0-1

[Event "Live Chess"]
[Site "Chess.com"]
[Date "2023.05.20"]
[Round "-"]
[White "Singapourfeuj"]
[Black "BogdanBeleiUkraine"]
[Result "1-0"]
[WhiteElo "2235"]
[BlackElo "1184"]
[TimeControl "300"]
[EndTime "11:20:24 PDT"]
[Termination "Singapourfeuj won by resignation"]

1. d4 d5 2. Nf3 Bf5 3. c4 e6 4. Nc3 c6 5. cxd5 cxd5 6. Qb3 b6 7. Bf4 Qd7 8. e3 Nf6 9. Bb5 Nc6 10. Ne5 Rc8 11.
Nxd7 1-0

[Event "Live Chess"]
[Site "Chess.com"]
[Date "2023.05.20"]
[Round "-"]
[White "whitedjohn"]
[Black "LL220284LL"]
[Result "0-1"]
[WhiteElo "1676"]
[BlackElo "2389"]
[TimeControl "300"]
[EndTime "11:20:32 PDT"]
[Termination "LL220284LL won by checkmate"]

1. e4 d6 2. d4 g6 3. Nc3 Bg7 4. Bc4 c6 5. Be3 Nf6 6. Qd2 Nxe4 7.
Nxe4 d5 8. Bd3 dxe4 9. Bxe4 O-O 10. O-O-O Re8 11. Nf3 Nd7 12. h4 Nf6 13. Bd3 Bg4 14. Bc4 Nd5 15. Bh6 Bf6 16. Bg5 Bg7 17. Rde1 b5 18. Bb3 a5 19. c3 a4 20. Bc2 a3 21. b3 b4 22. cxb4 Qb6 23. Kb1 Nxb4 24. Ne5 Nxc2 25. Qxc2 Bf5 26. Nd3 Qxd4 27. Qxc6 Bxd3+ 28. Kc1 Rac8 29. Rxe7 Rxc6+ 30. Kd1 Qa1+ 31. Kd2 Qc3+ 32.
Ke3 Rxe7+ 33. Kf3 Be4+ 34. Kg4 f5+ 35. Kf4 Be5# 0-1